 Dungeon Crawl Stone Soup version 0.24-a0-545-gd1b266b (webtiles) character file.

Game seed: 17849915240463906524

107 silentkaos13 the Stinger (level 4, -11/24 HPs)
             Began as a Deep Elf Venom Mage on Aug 19, 2019.
             Mangled by Menkaure (17 damage)
             ... on level 4 of the Dungeon.
             The game lasted 00:06:16 (2699 turns).

silentkaos13 the Stinger (Deep Elf Venom Mage)      Turns: 2699, Time: 00:06:17

Health: -11/24     AC:  2    Str:  5    XL:     4   Next: 57%
Magic:  7/11       EV: 13    Int: 21    God:
Gold:   104        SH:  0    Dex: 15    Spells: 4/10 levels left

rFire    . . .     SeeInvis .   d - +3 dagger
rCold    . . .     Gourm    .   (no shield)
rNeg     . . .     Faith    .   a - +0 robe
rPois    .         Spirit   .   (no helmet)
rElec    .         Reflect  .   (no cloak)
rCorr    .         Harm     .   (no gloves)
MR       .....                  (no boots)
Stlth    ++........             (no amulet)
HPRegen  0.08/turn              (no ring)
MPRegen  0.12/turn              (no ring)

@: no status effects
A: no striking features
a: no special abilities


You were on level 4 of the Dungeon.
You were not hungry.

You visited 1 branch of the dungeon, and saw 4 of its levels.

You collected 104 gold pieces.

Inventory:

Hand Weapons
 d - a +3 dagger (weapon)
 n - a +0 quarterstaff
Armour
 a - a +0 robe (worn)
 q - a +2 hat
Scrolls
 b - 3 scrolls of teleportation {unknown}
 e - 3 scrolls of remove curse {unknown}
 f - a scroll of immolation {unknown}
 g - 3 scrolls of amnesia {unknown}
 h - 3 scrolls of identify {unknown}
 j - 2 scrolls of blinking {unknown}
 l - a scroll of enchant armour {unknown}
 m - a scroll of noise {unknown}
Potions
 i - 3 potions of agility {unknown}
 k - a potion of brilliance {unknown}
 o - 2 potions of might {unknown}
 p - 2 potions of flight {unknown}
 r - 2 potions of haste {unknown}
 s - a potion of mutation {unknown}
Comestibles
 c - 9 rations


   Skills:
 + Level 0.6 Short Blades
 + Level 2.5 Dodging
 + Level 2.9 Stealth
 + Level 3.9 Spellcasting
 + Level 1.2 Conjurations
 + Level 1.9 Air Magic
 + Level 4.5 Poison Magic


You had 4 spell levels left.
You knew the following spells:

 Your Spells              Type           Power        Failure   Level  Hunger
a - Sting                 Conj/Pois      ###.         3%          1    None
b - Poisonous Vapours     Pois/Air       ###...       4%          2    #......
c - Mephitic Cloud        Conj/Pois/Air  ##......     13%         3    ###....

Your spell library contained the following spells:

 Spells                   Type           Power        Failure   Level  Hunger
 Olgreb's Toxic Radiance  Pois           ###.....     19%         4    ####...
 Venom Bolt               Conj/Pois      ###.......   71%         5    ######.


Dungeon Overview and Level Annotations

Branches:
Dungeon (4/15)
 Temple: D:4-7

Altars:
Dithmenos
Elyvilon
Fedhas

Annotations:
D:4 Menkaure


Message History

Press: ? - help, Dir - move target cursor, f/p - orc
Aim: an orc (almost dead) Poisonous vapours surround the orc!
The orc is engulfed in poison gas.
The orc is poisoned.
You kill the orc!
Casting: Poisonous Vapours (safe; 4% risk of failure)
Confirm with . or Enter, or press ? or * to list all spells.
Aiming: Poisonous Vapours (safe; 4% risk of failure)
Press: ? - help, Dir - move target cursor, f - orc
Aim: an orc, wielding a +0 mace (moderately wounded) Poisonous vapours surround the orc!
The orc is engulfed in poison gas.
The orc is poisoned.
Menkaure calls on the powers of darkness!
Your body is wracked with pain!
* * * LOW HITPOINT WARNING * * *
You hit the orc.
You kill the orc!
You barely miss Menkaure. Menkaure hits you!
Ouch! That really hurt!
You die...

.. ....... ># #...#
#..#.##.#
#....##..#.#..##
.......<.......#####
....................
.....##.####........
................#...
................#.##
..#..#..#.##@#......
........#.##M...#..#
..................#
....#..#...........
...........#......#
...............#..#
....#..#...#...#..#
...................
.......#...........


You could see Menkaure.

Vanquished Creatures
  5 adders
  A gnoll (D:1)
  A worm (D:3)
  3 leopard geckos
  5 orcs
  A ball python (D:3)
  2 giant cockroaches (D:3)
  3 goblins
  A hobgoblin (D:2)
  9 kobolds
  A quokka (D:4)
  4 bats
  2 frilled lizards
  5 rats
43 creatures vanquished.

Notes
Turn   | Place    | Note
-------+----------+-------------------------------------------
     0 | D:1      | silentkaos13 the Deep Elf Venom Mage began the quest for
                  | the Orb.
     0 | D:1      | Reached XP level 1. HP: 10/10 MP: 6/6
     0 | D:1      | Noticed a shadow dragon
     0 | D:1      | Noticed an ice dragon
     4 | D:1      | Noticed a golden dragon
     5 | D:1      | Noticed an orb of fire
     8 | D:1      | Noticed a large abomination
    10 | D:1      | Noticed a white draconian
    12 | D:1      | Noticed an iron dragon
    12 | D:1      | Noticed an orb of fire
    14 | D:1      | Noticed a tentacled monstrosity
    16 | D:1      | Noticed an iron dragon
    16 | D:1      | Noticed a shadow dragon
    16 | D:1      | Noticed a large abomination
    18 | D:1      | Noticed an iron dragon
    20 | D:1      | Noticed an iron dragon
   677 | D:1      | Reached XP level 2. HP: 15/15 MP: 2/8
   683 | D:1      | Learned a level 2 spell: Poisonous Vapours
   810 | D:2      | Reached skill level 4 in Poison Magic
   858 | D:2      | Reached XP level 3. HP: 19/19 MP: 4/9
  1047 | D:2      | Found a shadowy altar of Dithmenos.
  1365 | D:2      | Found a white marble altar of Elyvilon.
  1449 | D:2      | Found a blossoming altar of Fedhas.
  1754 | D:3      | Reached skill level 1 in Air Magic
  2006 | D:3      | Learned a level 3 spell: Mephitic Cloud
  2058 | D:3      | Found a faded altar of an unknown god.
  2075 | D:3      | Reached XP level 4. HP: 23/24 MP: 8/11
  2679 | D:4      | Noticed Menkaure
  2699 | D:4      | Mangled by Menkaure

Levels and vault maps discovered:
D:1:      shiori_arrival_whats_in_store_for_you, layout_basic,
          wad_floor_pattern_untrapped, chequers_serial_rivers_micro_e,
          minmay_strange_pillars
D:2:      layout_loops_corners, lemuel_crystal_altar, lemuel_crystal_altar,
          lemuel_round_altar, serial_glass, glass_columns_b, glass_columns_c
D:3:      layout_basic, chequers_ecumenical_altar_simple_redux, st_stairs_6
D:4:      cheibrodos_old_hovel, layout_basic, minmay_temple_entry_grid,
          first_ration, uniq_menkaure, uniq_eustachio

Skill      XL: |  1  2  3 |
---------------+----------+-----
Poison Magic   | 4 |  4.5
Air Magic      | 1 |  1.9
Short Blades   | |  0.6
Dodging        | |  2.5
Stealth        | |  2.9
Spellcasting   | |  3.9
Conjurations   | |  1.2

Action                   |  1- 3 |  4- 6 || total
-------------------------+-------+-------++-------
Melee: Dagger            |    18 |    15 ||    33
       Unarmed           |     1 |       ||     1
 Cast: Sting             |    10 |       ||    10
       Poisonous Vapours |    24 |    15 ||    39
 Stab: Sleeping          |     1 |       ||     1
  Eat: Chunk             |     4 |     2 ||     6
Armor: Robe              |       |     3 ||     3
Dodge: Dodged            |    10 |    14 ||    24

Table legend:
 A = Non-vault XP
 B = Vault XP
 C = Vault XP percentage of total XP
 D = Non-vault monster count
 E = Vault monster count
 F = Vault count percentage of total count
                 A         B        C        D         E       F
            +---------+---------+-------+---------+---------+-------
      Total |     151 |       3 |   1.9 |      42 |       1 |   2.3
            +---------+---------+-------+---------+---------+-------
        D:1 |      24 |       0 |   0.0 |       7 |       0 |   0.0
        D:2 |      33 |       0 |   0.0 |      12 |       0 |   0.0
        D:3 |      87 |       3 |   3.3 |      20 |       1 |   4.8
        D:4 |       7 |       0 |   0.0 |       3 |       0 |   0.0
            +---------+---------+-------+---------+---------+-------
